 Dungeon Crawl Stone Soup version 0.29.1-1-gd02db6906a (webtiles) character file.

Game seed: 5513015131628118277

78 safid the Shooter (level 4, -23/38 HPs)
             Began as a Minotaur Hunter on Sept 27, 2022.
             Killed by an exploding Pargi (41 damage)
             ... ignited by their inner flame
             ... in a sewer.
             The game lasted 00:03:16 (1740 turns).

safid the Shooter (Minotaur Hunter)                 Turns: 1740, Time: 00:03:17

Health: -23/38     AC:  5    Str: 15    XL:     4   Next: 15%
Magic:  3/3        EV: 12    Int:  6    God:
Gold:   90         SH:  0    Dex: 16    Spells: 3/3 levels left

rFire   . . .      SeeInvis .   a - +0 shortbow
rCold   . . .      Faith    .   (shield currently unavailable)
rNeg    . . .      Spirit   .   c - +0 leather armour
rPois   .          Reflect  .   (helmet restricted)
rElec   .          Harm     .   s - +0 cloak
rCorr   .          Rampage  .   r - +0 pair of gloves
Will    +....                   (no boots)
Stlth   +.........              (no amulet)
HPRegen 0.12/turn               j - ring of willpower
MPRegen 0.08/turn               (no ring)

@: no status effects
A: horns 2, retaliatory headbutt
a: no special abilities


You were in a sewer.
You visited 1 branch of the dungeon, and saw 3 of its levels.
You also visited: Sewer.

You collected 90 gold pieces.

Inventory:

Hand Weapons
 a - a +0 shortbow (weapon)
Armour
 c - a +0 leather armour (worn)
 r - a +0 pair of gloves (worn)
 s - a +0 cloak (worn)
Jewellery
 j - a ring of willpower (left hand)
Scrolls
 d - a scroll of torment {unknown}
 g - a scroll of amnesia {unknown}
 i - a scroll of enchant weapon {unknown}
 m - 4 scrolls of identify {unknown}
 o - 4 scrolls of teleportation {unknown}
 p - a scroll of fog {unknown}
 t - 2 scrolls of enchant armour {unknown}
Potions
 e - 2 potions of attraction {unknown}
 f - 2 potions of mutation {unknown}
 h - a potion of resistance {unknown}
 k - 3 potions of haste {unknown}
 l - a potion of curing {unknown}
 n - a potion of lignification {unknown}
 q - a potion of ambrosia {unknown}


   Skills:
 - Level 3.0 Fighting
 + Level 6.1 Ranged Weapons
 - Level 2.1 Dodging
 - Level 0.7 Stealth


You had 3 spell levels left.
You didn't know any spells.
Your spell library contained the following spells:

 Spells                   Type           Power      Damage    Failure   Level
 Necrotise                Necr           0%         1d4       52%         1
 Ensorcelled Hibernation  Hex/Ice        0%         N/A       67%         2
 Spider Form              Tmut/Pois      0%         N/A       88%         3
 Vampiric Draining        Necr           0%         2d6       88%         3
 Anguish                  Hex/Necr       0%         N/A       99%         4
 Agony                    Necr           0%         N/A       100%        5


Dungeon Overview and Level Annotations

Branches:
Dungeon (3/15)              Sewer (1/1)

Altars:


Innate Abilities, Weirdness & Mutations

You have a pair of horns on your head.
You reflexively headbutt those who attack you in melee.


Message History

You are too injured to fight recklessly!
You are too injured to fight recklessly!
You are too injured to fight recklessly!
You are too injured to fight recklessly!
Fire: a) +0 shortbow
Press: ? - help, Q - select action Shift-Dir - straight line, f/p - Pargi
Aim: Pargi (heavily wounded, 58% to hit)
You shoot an arrow. The arrow hits Pargi!
Pargi is severely wounded.
Pargi closely misses you. x2; Pargi barely misses you.
Fire: a) +0 shortbow
Press: ? - help, Q - select action Shift-Dir - straight line, f/p - Pargi
Aim: Pargi (severely wounded, 58% to hit)
You shoot an arrow. The arrow closely misses Pargi.
Pargi barely misses you. Pargi misses you. Pargi claws you but does no damage.
Unknown command.
Really read the scroll of immolation?
Okay, then.
Really read the scroll of immolation?
As you read the scroll of immolation, it crumbles to dust.
The creatures around you are filled with an inner flame!
Pargi closely misses you. Pargi claws you but does no damage.
Pargi barely misses you.
Unknown command.
Fire: a) +0 shortbow
Press: ? - help, Q - select action Shift-Dir - straight line, f/p - Pargi
Aim: Pargi (severely wounded, inner flame, 58% to hit)
You shoot an arrow. The arrow misses Pargi.
Pargi closely misses you. You furiously retaliate!
You headbutt Pargi!
Flame seeps out of Pargi.
Pargi claws you. Pargi barely misses you.
Fire: a) +0 shortbow
Press: ? - help, Q - select action Shift-Dir - straight line, f/p - Pargi
Aim: Pargi (flame, almost dead, inner flame, 58% to hit)
You shoot an arrow. The arrow hits Pargi.
Flame seeps out of Pargi.
Pargi is almost dead.
Pargi is engulfed in blazing flames.
Pargi explodes!
The fiery explosion engulfs you!!!
Ouch! That really hurt!
You die...

#∩# #.# #.# #.#
####### #.#
##.....## #.#
##...≈...#
#†#######...≈≈≈††.
#..........≈≈≈≈≈.∩
#@#######...≈≈≈...
#°# ##...≈...# #§#
##.....## #.#
####### ... ...
... .....


There were no monsters in sight!

Vanquished Creatures
  Pargi (Sewer)
  An adder (D:3)
  2 river rats (D:3)
  A worm (D:2)
  2 dart slugs
  15 bats
  3 endoplasms
  A giant cockroach (D:1)
  5 hobgoblins
  A kobold (D:2)
  3 ball pythons (D:1)
  4 frilled lizards
  2 goblins
  7 rats
48 creatures vanquished.

Notes
Turn   | Place    | Note
-------+----------+-------------------------------------------
     0 | D:1      | safid the Minotaur Hunter began the quest for the Orb.
     0 | D:1      | Reached XP level 1. HP: 18/18 MP: 0/0
   147 | D:1      | Reached XP level 2. HP: 21/26 MP: 1/1
   264 | D:1      | Found a faded altar of an unknown god.
   459 | D:1      | Reached skill level 5 in Ranged Weapons
   629 | D:2      | Reached XP level 3. HP: 31/31 MP: 2/2
  1461 | D:3      | Reached XP level 4. HP: 8/38 MP: 3/3
  1463 | D:3      | Reached skill level 6 in Ranged Weapons
  1463 | D:3      | Found a glowing drain.
  1685 | Sewer    | Entered a sewer
  1723 | Sewer    | Noticed Pargi
  1740 | Sewer    | Killed Pargi
  1740 | Sewer    | Killed by an exploding Pargi... ignited by their inner
                  | flame

Illustrated notes

Levels and vault maps discovered:
D:1:      co_arrival_square_in_a_square_in_a_square, layout_basic, serial_glass,
          glass_columns_a, glass_columns_a, glass_columns_c, glass_columns_b,
          shapermc_ecumenical_altar_starsandcircs
D:2:      layout_basic
D:3:      layout_basic, portal_sewer_entry_b, serial_shops,
          nicolae_shop_behind_doors, minmay_misc_feat_nine_boxes
Sewer:    sewer_big_baddie

Skill      XL: |  1  2  3  4 |
---------------+-------------+-----
Fighting       | 3 |  3.0
Ranged Weapons | 5 6 |  6.1
Dodging        | |  2.1
Stealth        | |  0.7

Action                   |  1- 3 |  4- 6 || total
-------------------------+-------+-------++-------
 Fire: Shortbow          |   102 |    29 ||   131
  Use: Scroll            |       |     1 ||     1
Armor: Leather armour    |    12 |    12 ||    24
Dodge: Dodged            |    35 |    31 ||    66
